Sharks vs Bruins
(R1)
Created - 27 janvier 2013 at 21:22
Goals
|
| Sharks |
2 |
1 |
2 |
5 |
| Bruins |
2 |
0 |
1 |
3 |
|
Shots
|
| Sharks |
9 |
9 |
6 |
24 |
| Bruins |
11 |
11 |
12 |
34 |
|
1st period
1. Sharks , Mikko Koivu 10 (Milan Hejduk, Ryan Malone) at 0:24
2. Sharks , Daniel Sedin 19 (Henrik Sedin, Vitaly Vishnevsky) at 2:10
3. Bruins , Daniel Briere 8 (Eric Lindros, Zdeno Chara) at 5:17
4. Bruins , Joe Corvo 3 (Eric Lindros, Daniel Briere) at 14:47 (PP)
Penalties :
Victor Oreskovich (Bos) for Roughing (Minor) at 11:02, Mike Komisarek (SJS) for Holding Stick (Minor) at 11:02, Georges Laraque (SJS) for High sticking (Minor) at 14:29, Wojtek Wolski (Bos) for Tripping (Minor) at 15:24
2nd period
5. Sharks , Henrik Sedin 22 (Daniel Sedin) at 9:56 (PP)
Penalties :
Vitaly Vishnevsky (SJS) for Tripping (Minor) at 0:06, Bobby Ryan (SJS) for Holding (Minor) at 6:54, Victor Oreskovich (Bos) for Roughing (Minor) at 9:44, Mike Fisher (SJS) for Roughing (Minor) at 10:57
3rd period
6. Sharks , Georges Laraque 9 (Henrik Sedin) at 1:13 (PP)
7. Bruins , Eric Lindros 15 (Wojtek Wolski, Daniel Briere) at 6:19 (PP)
8. Sharks , Daniel Sedin 20 (Henrik Sedin) at 7:57 (PP)
Penalties :
Jeff Carter (Bos) for Tripping (Minor) at 1:11, Georges Laraque (SJS) for Hooking (Minor) at 1:19, Scott Hartnell (Bos) for Roughing (Minor) at 2:47, Vitaly Vishnevsky (SJS) for Holding Stick (Minor) at 2:47, Milan Hejduk (SJS) for Hooking (Minor) at 5:36, Joe Corvo (Bos) for Roughing (Minor) at 7:55, Mark Fraser (Bos) for Hooking (Minor) at 9:06, Eric Lindros (Bos) for Delaying the game (Minor) at 13:00
Goalie Stats
Pascal Leclaire (SJS), 31 saves from 34 shots - (0,912), W, 13-8-2, 60:00 minutes
Evgeni Nabokov (Bos), 16 saves from 21 shots - (0,762), L, 14-9-5, 47:57 minutes
Scott Clemmensen (Bos), 3 saves from 3 shots - (1,000), 12:03 minutes
Players Stats for Sharks
Player Name G A P +/- PIM S H SB GA TA FO MP PP MP PK MP
------------------------------------------------------------------------------------
Adam Mair 0 0 0 0 0 0 2 0 0 0 2/7 9:33 0:00 1:23
Andrei Markov 0 0 0 1 0 0 2 0 2 1 0/0 22:14 2:14 2:38
Bates Battaglia 0 0 0 0 0 0 0 0 0 0 0/0 7:48 0:00 0:35
Bobby Ryan 0 0 0 0 2 2 1 0 1 0 0/0 13:03 0:06 0:00
Brad Ference 0 0 0 0 0 0 0 0 0 0 0/0 12:58 2:10 0:00
Dan Girardi 0 0 0 0 0 0 0 1 0 0 0/0 12:55 0:00 2:04
Daniel Sedin 2 1 3 1 0 3 2 2 0 0 1/4 23:42 3:49 5:21
David Hale 0 0 0 0 0 0 0 1 0 0 0/0 3:17 0:00 0:00
Georges Laraque 1 0 1 1 4 1 4 0 0 0 2/3 19:48 3:45 1:59
Henrik Sedin 1 3 4 1 0 5 3 1 0 0 25/38 26:47 3:45 5:52
Joni Pitkanen 0 0 0 0 0 3 2 3 1 1 0/0 29:33 4:12 6:19
Mike Fisher 0 0 0 0 2 2 3 0 0 0 3/6 12:53 0:08 0:00
Mike Komisarek 0 0 0 1 2 2 2 0 0 0 0/0 19:47 2:01 2:38
Mikko Koivu 1 0 1 0 0 3 0 0 0 0 4/10 13:26 2:22 0:00
Milan Hejduk 0 1 1 0 2 2 2 0 1 0 0/0 16:36 2:22 2:13
Ryan Malone 0 1 1 0 0 0 3 0 0 1 0/0 13:26 2:22 0:00
Tomas Fleischmann 0 0 0 0 0 1 1 0 0 1 0/0 8:35 0:00 0:00
Vitaly Vishnevsky 0 1 1 0 4 0 1 2 0 1 0/0 20:36 1:49 4:14
Players Stats for Bruins
Player Name G A P +/- PIM S H SB GA TA FO MP PP MP PK MP
------------------------------------------------------------------------------------
Christoph Schubert 0 0 0 -2 0 0 3 1 0 0 0/0 15:23 0:00 0:00
Daniel Briere 1 2 3 0 0 3 3 0 0 0 2/3 20:59 5:46 0:00
Eric Lindros 1 2 3 0 2 6 3 0 1 0 17/40 23:36 5:46 2:38
Jeff Carter 0 0 0 -1 2 0 1 0 1 0 7/12 15:38 2:40 1:14
Joe Corvo 1 0 1 1 2 4 1 1 0 1 0/0 26:20 5:10 2:34
Mark Fraser 0 0 0 0 2 1 0 1 0 0 0/0 8:39 0:00 0:00
Matt Cooke 0 0 0 0 0 1 0 0 0 0 2/3 9:01 0:00 2:08
Matt Hendricks 0 0 0 0 0 0 1 0 0 0 1/2 8:34 0:00 1:38
Michael Ryder 0 0 0 0 0 4 1 0 0 0 0/0 8:54 0:00 0:00
Richard Lintner 0 0 0 0 0 1 2 1 1 2 0/0 16:14 3:16 2:34
Ryan O'Byrne 0 0 0 -2 0 1 0 0 0 0 0/0 24:52 3:16 3:39
Scott Hartnell 0 0 0 0 2 0 0 0 0 1 0/0 17:39 2:39 0:34
Scottie Upshall 0 0 0 0 0 4 1 0 0 0 0/0 9:27 0:00 0:00
Victor Oreskovich 0 0 0 0 4 1 1 0 0 0 0/1 10:15 0:00 0:00
Vitali Yachmenev 0 0 0 -1 0 2 2 0 0 0 0/0 13:24 2:40 0:00
Wayne Primeau 0 0 0 0 0 0 2 0 0 0 2/7 13:16 0:00 3:49
Wojtek Wolski 0 1 1 -1 2 1 2 1 1 0 0/0 18:53 5:46 0:25
Zdeno Chara 0 1 1 1 0 5 3 1 1 1 0/0 28:37 5:10 3:39
3 Stars
1 - Henrik Sedin (SJS)
2 - Daniel Sedin (SJS)
3 - Daniel Briere (Bos)
Power Play
Sharks - 3 on 6 Attempt(s) - 50,00%
Bruins - 2 on 6 Attempt(s) - 33,33%
Penalty Kill
Sharks - 4 on 6 Attempt(s) - 66,67%
- Score 0 goal in Penalty Kill
Bruins - 3 on 6 Attempt(s) - 50,00%
- Score 0 goal in Penalty Kill
Official
Referees : StLaurent Francois and Walsh Ian
Linesman : Darren Gibbs and Jay Sharrers
Game Notes
Scott Clemmensen enters game at 7:57 of 3rd period
Vitaly Vishnevsky is injured at 9:32 of 3rd period (Torn Right Knee Ligaments)
Finance
Level 1 -- Attendance: 4121 (68,68%) -- Ticket Income 407 979 $
Level 2 -- Attendance: 3768 (75,36%) -- Ticket Income 222 312 $
Level 3 -- Attendance: 2000 (100,00%) -- Ticket Income 58 000 $
Level 4 -- Attendance: 3778 (94,45%) -- Ticket Income 71 782 $
Luxury Box -- Attendance: 803 (80,30%) -- Ticket Income 151 767 $
Game was played at the TD Banknorth Garden
Total Attendance: 14470 (80,39%)
Total Ticket Income: 911 840 $
Total Income: 911 840 $
Sharks
5 vs 5 Forward
Center Left Wing Right Wing Time % Phy DF OF
1 Henrik Sedin Daniel Sedin Georges Laraque 40 1 2 2
2 Mikko Koivu Ryan Malone Milan Hejduk 30 1 2 2
3 Mike Fisher Tomas Fleischmann Bobby Ryan 20 1 2 2
4 Adam Mair Bates Battaglia Henrik Sedin 10 1 2 2
5 vs 5 Defense
Defense Defense Time % Phy DF OF
1 Joni Pitkanen Vitaly Vishnevsky 40 1 2 2
2 Andrei Markov Mike Komisarek 30 1 2 2
3 Brad Ference Dan Girardi 20 1 2 2
4 David Hale Joni Pitkanen 10 1 2 2
PowerPlay Forward
Center Left Wing Right Wing Time % Phy DF OF
1 Henrik Sedin Daniel Sedin Georges Laraque 60 1 2 2
2 Mikko Koivu Ryan Malone Milan Hejduk 40 1 2 2
PowerPlay Defense
Defense Defense Time % Phy DF OF
1 Joni Pitkanen Vitaly Vishnevsky 60 1 2 2
2 Andrei Markov Mike Komisarek 40 1 2 2
Penalty Kill 4 Players Forward
Center Wing Time % Phy DF OF
1 Henrik Sedin Daniel Sedin 60 1 2 2
2 Georges Laraque Milan Hejduk 40 1 2 2
Penalty Kill 4 Players Defense
Defense Defense Time % Phy DF OF
1 Joni Pitkanen Vitaly Vishnevsky 60 1 2 2
2 Andrei Markov Mike Komisarek 40 1 2 2
Penalty Kill - 3 Players Forward
Forward Time % Phy DF OF
1 Henrik Sedin 60 1 2 2
2 Daniel Sedin 40 1 2 2
Penalty Kill - 3 Players Defense
Defense Defense Time % Phy DF OF
1 Joni Pitkanen Vitaly Vishnevsky 60 1 2 2
2 Andrei Markov Mike Komisarek 40 1 2 2
4 vs 4 Forward
Center Wing Time % Phy DF OF
1 Henrik Sedin Daniel Sedin 60 1 2 2
2 Georges Laraque Milan Hejduk 40 1 2 2
4 vs 4 Defense
Defense Defense Time % Phy DF OF
1 Joni Pitkanen Vitaly Vishnevsky 60 1 2 2
2 Andrei Markov Mike Komisarek 40 1 2 2
Last Minutes Offensive
Center Left Wing Right Wing Defense Defense
Henrik Sedin Daniel Sedin Georges Laraque Joni Pitkanen Vitaly Vishnevsky
Last Minutes Defensive
Center Left Wing Right Wing Defense Defense
Henrik Sedin Daniel Sedin Georges Laraque Joni Pitkanen Vitaly Vishnevsky
Goaltenders
Starting : Pascal Leclaire
Backup : Martin Biron
Extra Forwards
Normal : Mike Fisher, Bobby Ryan, Adam Mair - PP : Mike Fisher, Bobby Ryan - PK : Adam Mair
Extra Defensemen
Normal : Brad Ference, Dan Girardi, David Hale - PP : Brad Ference - PK : Dan Girardi, David Hale
Penalty Shots
Henrik Sedin, Daniel Sedin, Georges Laraque, Milan Hejduk, Mikko Koivu
Bruins
5 vs 5 Forward
Center Left Wing Right Wing Time % Phy DF OF
1 Eric Lindros Scott Hartnell Daniel Briere 40 0 2 3
2 Jeff Carter Wojtek Wolski Vitali Yachmenev 30 0 2 3
3 Wayne Primeau Scottie Upshall Victor Oreskovich 20 1 2 2
4 Matt Hendricks Matt Cooke Michael Ryder 10 1 2 2
5 vs 5 Defense
Defense Defense Time % Phy DF OF
1 Joe Corvo Zdeno Chara 40 1 2 2
2 Ryan O'Byrne Christoph Schubert 30 1 2 2
3 Richard Lintner Mark Fraser 20 1 2 2
4 Zdeno Chara Ryan O'Byrne 10 1 2 2
PowerPlay Forward
Center Left Wing Right Wing Time % Phy DF OF
1 Eric Lindros Wojtek Wolski Daniel Briere 60 0 2 3
2 Jeff Carter Scott Hartnell Vitali Yachmenev 40 0 2 3
PowerPlay Defense
Defense Defense Time % Phy DF OF
1 Zdeno Chara Joe Corvo 60 0 2 3
2 Richard Lintner Ryan O'Byrne 40 0 2 3
Penalty Kill 4 Players Forward
Center Wing Time % Phy DF OF
1 Eric Lindros Wayne Primeau 60 1 3 1
2 Matt Hendricks Wojtek Wolski 40 1 3 1
Penalty Kill 4 Players Defense
Defense Defense Time % Phy DF OF
1 Ryan O'Byrne Zdeno Chara 60 2 3 0
2 Richard Lintner Joe Corvo 40 2 3 0
Penalty Kill - 3 Players Forward
Forward Time % Phy DF OF
1 Eric Lindros 60 1 3 1
2 Wayne Primeau 40 1 3 1
Penalty Kill - 3 Players Defense
Defense Defense Time % Phy DF OF
1 Zdeno Chara Christoph Schubert 60 2 3 0
2 Ryan O'Byrne Joe Corvo 40 2 3 0
4 vs 4 Forward
Center Wing Time % Phy DF OF
1 Eric Lindros Daniel Briere 60 1 2 2
2 Wojtek Wolski Jeff Carter 40 1 2 2
4 vs 4 Defense
Defense Defense Time % Phy DF OF
1 Zdeno Chara Christoph Schubert 60 1 2 2
2 Ryan O'Byrne Joe Corvo 40 1 2 2
Last Minutes Offensive
Center Left Wing Right Wing Defense Defense
Eric Lindros Wojtek Wolski Daniel Briere Zdeno Chara Joe Corvo
Last Minutes Defensive
Center Left Wing Right Wing Defense Defense
Eric Lindros Wojtek Wolski Daniel Briere Ryan O'Byrne Richard Lintner
Goaltenders
Starting : Evgeni Nabokov
Backup : Scott Clemmensen
Extra Forwards
Normal : Michael Ryder, Scott Hartnell, Matt Hendricks - PP : Michael Ryder, Victor Oreskovich - PK : Matt Cooke
Extra Defensemen
Normal : Richard Lintner, Christoph Schubert, Ryan O'Byrne - PP : Richard Lintner - PK : Christoph Schubert, Ryan O'Byrne
Penalty Shots
Eric Lindros, Wojtek Wolski, Jeff Carter, Daniel Briere, Zdeno Chara
% Time on Ice - Sharks
Lines # - Real PCT - Wanted PCT - Time Play
Normal Forward
1 - 38% - 40% - 15:54
2 - 29% - 30% - 12:05
3 - 21% - 20% - 8:35
4 - 12% - 10% - 4:49
Normal Defense
1 - 39% - 40% - 16:16
2 - 36% - 30% - 14:45
3 - 21% - 20% - 8:41
4 - 4% - 10% - 1:41
PP Forward
1 - 62% - 60% - 3:51
2 - 38% - 40% - 2:22
PP Defense
1 - 68% - 60% - 4:12
2 - 32% - 40% - 2:01
PK Forward
1 - 70% - 60% - 5:56
2 - 30% - 40% - 2:30
PK Defense
1 - 69% - 60% - 5:48
2 - 31% - 40% - 2:38
PK3 Forward
1 - 100% - 60% - 0:31
2 - 0% - 40% - 0:00
PK3 Defense
1 - 100% - 60% - 0:31
2 - 0% - 40% - 0:00
44 Forward
1 - 72% - 60% - 2:30
2 - 28% - 40% - 0:57
44 Defense
1 - 61% - 60% - 2:06
2 - 39% - 40% - 1:21
Last Minute Offensive - 0:00
Last Minute Defensive - 0:00
Total
Forward - 60:00
Defense - 60:00
|
% Time on Ice - Bruins
Lines # - Real PCT - Wanted PCT - Time Play
Normal Forward
1 - 36% - 40% - 15:05
2 - 26% - 30% - 10:51
3 - 23% - 20% - 9:27
4 - 14% - 10% - 6:00
Normal Defense
1 - 39% - 40% - 15:56
2 - 37% - 30% - 15:16
3 - 21% - 20% - 8:33
4 - 4% - 10% - 1:38
PP Forward
1 - 68% - 60% - 5:46
2 - 32% - 40% - 2:40
PP Defense
1 - 61% - 60% - 5:10
2 - 39% - 40% - 3:16
PK Forward
1 - 84% - 60% - 5:14
2 - 16% - 40% - 0:59
PK Defense
1 - 59% - 60% - 3:39
2 - 41% - 40% - 2:34
PK3 Forward
1 - 0% - 60%
2 - 0% - 40%
PK3 Defense
1 - 0% - 60%
2 - 0% - 40%
44 Forward
1 - 72% - 60% - 2:52
2 - 28% - 40% - 1:06
44 Defense
1 - 56% - 60% - 2:14
2 - 44% - 40% - 1:44
Last Minute Offensive - 0:00
Last Minute Defensive - 0:00
Total
Forward - 60:00
Defense - 60:00
|
Play by Play
1st period
0:01 of 1st period - Henrik Sedin wins face-off versus Eric Lindros in neutral zone.
0:10 of 1st period - Wrist shot by Henrik Sedin.
0:10 of 1st period - Stopped by Evgeni Nabokov without a rebound.
0:11 of 1st period - Mikko Koivu wins face-off versus Jeff Carter in Bruins zone.
0:22 of 1st period - Snap shot by Milan Hejduk.
0:22 of 1st period - Stopped by Evgeni Nabokov with a rebound.
0:24 of 1st period - Snap shot by Mikko Koivu.
0:24 of 1st period - Goal by Mikko Koivu - Sharks : 1 - Bruins : 0.
0:25 of 1st period - Mike Fisher wins face-off versus Wayne Primeau in neutral zone.
0:34 of 1st period - Dan Girardi is hit by Richard Lintner and loses puck.
0:51 of 1st period - Richard Lintner is hit by Daniel Sedin and loses puck.
2:08 of 1st period - Slapshot by Daniel Sedin.
2:08 of 1st period - Stopped by Evgeni Nabokov with a rebound.
2:10 of 1st period - Snap shot by Daniel Sedin.
2:10 of 1st period - Goal by Daniel Sedin - Sharks : 2 - Bruins : 0.
2:11 of 1st period - Georges Laraque wins face-off versus Eric Lindros in neutral zone.
2:58 of 1st period - Snap shot by Daniel Sedin.
2:58 of 1st period - Shot Blocked by Mark Fraser.
3:00 of 1st period - Slapshot by Mike Komisarek.
3:00 of 1st period - Stopped by Evgeni Nabokov without a rebound.
3:01 of 1st period - Jeff Carter wins face-off versus Mikko Koivu in Bruins zone.
3:17 of 1st period - Snap shot by Mikko Koivu.
3:17 of 1st period - Shot Misses the Net.
4:40 of 1st period - Icing by Daniel Briere.
4:41 of 1st period - Daniel Briere wins face-off versus Adam Mair in Bruins zone.
4:41 of 1st period - Daniel Briere is hit by Mike Fisher.
5:07 of 1st period - Vitaly Vishnevsky is hit by Zdeno Chara.
5:11 of 1st period - Snap shot by Daniel Briere.
5:11 of 1st period - Stopped by Pascal Leclaire with a rebound.
5:13 of 1st period - Slapshot by Zdeno Chara.
5:13 of 1st period - Stopped by Pascal Leclaire with a rebound.
5:15 of 1st period - Snap shot by Eric Lindros.
5:15 of 1st period - Shot Misses the Net.
5:17 of 1st period - Snap shot by Daniel Briere.
5:17 of 1st period - Goal by Daniel Briere - Sharks : 2 - Bruins : 1.
5:18 of 1st period - Henrik Sedin wins face-off versus Eric Lindros in neutral zone.
5:50 of 1st period - Wojtek Wolski is hit by Milan Hejduk.
6:16 of 1st period - Slapshot by Zdeno Chara.
6:16 of 1st period - Stopped by Pascal Leclaire with a rebound.
6:54 of 1st period - Wrist shot by Michael Ryder.
6:54 of 1st period - Shot Misses the Net.
7:04 of 1st period - Vitali Yachmenev is hit by Bobby Ryan and loses puck.
7:59 of 1st period - Slapshot by Michael Ryder.
7:59 of 1st period - Stopped by Pascal Leclaire with a rebound.
8:45 of 1st period - Wrist shot by Daniel Sedin.
8:45 of 1st period - Shot Misses the Net.
9:15 of 1st period - Snap shot by Matt Cooke.
9:15 of 1st period - Shot Blocked by Joni Pitkanen.
9:17 of 1st period - Slapshot by Christoph Schubert.
9:17 of 1st period - Shot Blocked by Vitaly Vishnevsky.
9:36 of 1st period - Daniel Sedin is hit by Wojtek Wolski and loses puck.
10:20 of 1st period - Henrik Sedin is hit by Matt Hendricks and loses puck.
10:41 of 1st period - Slapshot by Tomas Fleischmann.
10:41 of 1st period - Stopped by Evgeni Nabokov with a rebound.
11:02 of 1st period - Minor Penalty to Victor Oreskovich for Roughing.
11:02 of 1st period - Minor Penalty to Mike Komisarek for Holding Stick.
11:03 of 1st period - Henrik Sedin wins face-off versus Eric Lindros in neutral zone.
11:14 of 1st period - Joni Pitkanen is hit by Eric Lindros and loses puck.
11:54 of 1st period - Milan Hejduk is hit by Wojtek Wolski and loses puck.
13:02 of 1st period - Penalty to Victor Oreskovich is over, Victor Oreskovich is back on ice.
13:02 of 1st period - Penalty to Mike Komisarek is over, Mike Komisarek is back on ice.
13:08 of 1st period - Slapshot by Zdeno Chara.
13:08 of 1st period - Deflect By Mike Komisarek.
13:08 of 1st period - Stopped by Pascal Leclaire with a rebound.
13:34 of 1st period - Snap shot by Bobby Ryan.
13:34 of 1st period - Stopped by Evgeni Nabokov without a rebound.
13:35 of 1st period - Mikko Koivu wins face-off versus Jeff Carter in Bruins zone.
14:00 of 1st period - Off-side.
14:01 of 1st period - Henrik Sedin wins face-off versus Wayne Primeau in neutral zone.
14:01 of 1st period - Daniel Sedin is hit by Wayne Primeau and loses puck.
14:06 of 1st period - Wrist shot by Scottie Upshall.
14:06 of 1st period - Stopped by Pascal Leclaire without a rebound.
14:07 of 1st period - Georges Laraque wins face-off versus Eric Lindros in Sharks zone.
14:18 of 1st period - Slapshot by Henrik Sedin.
14:18 of 1st period - Stopped by Evgeni Nabokov with a rebound.
14:29 of 1st period - Minor Penalty to Georges Laraque for High sticking.
14:30 of 1st period - Eric Lindros wins face-off versus Henrik Sedin in Sharks zone.
14:43 of 1st period - Slapshot by Eric Lindros.
14:43 of 1st period - Stopped by Pascal Leclaire with a rebound.
14:45 of 1st period - Wrist shot by Joe Corvo.
14:45 of 1st period - Stopped by Pascal Leclaire with a rebound.
14:47 of 1st period - Snap shot by Joe Corvo.
14:47 of 1st period - Goal by Joe Corvo - Sharks : 2 - Bruins : 2.
14:48 of 1st period - Eric Lindros wins face-off versus Henrik Sedin in neutral zone.
15:24 of 1st period - Minor Penalty to Wojtek Wolski for Tripping.
15:25 of 1st period - Henrik Sedin wins face-off versus Wayne Primeau in Bruins zone.
17:24 of 1st period - Penalty to Wojtek Wolski is over, Wojtek Wolski is back on ice.
17:39 of 1st period - Jeff Carter is hit by Mike Fisher and loses puck.
18:47 of 1st period - Wrist shot by Michael Ryder.
18:47 of 1st period - Stopped by Pascal Leclaire without a rebound.
18:48 of 1st period - Jeff Carter wins face-off versus Mike Fisher in Sharks zone.
19:03 of 1st period - Wrist shot by Jeff Carter.
19:03 of 1st period - Shot Misses the Net.
19:40 of 1st period - Snap shot by Bobby Ryan.
19:40 of 1st period - Shot Misses the Net.
19:45 of 1st period - Off-side.
19:46 of 1st period - Eric Lindros wins face-off versus Adam Mair in neutral zone.
19:54 of 1st period - Christoph Schubert is hit by Adam Mair and loses puck.
2nd period
0:01 of 2nd period - Henrik Sedin wins face-off versus Eric Lindros in neutral zone.
0:04 of 2nd period - Slapshot by Joni Pitkanen.
0:04 of 2nd period - Stopped by Evgeni Nabokov without a rebound.
0:05 of 2nd period - Eric Lindros wins face-off versus Henrik Sedin in Bruins zone.
0:05 of 2nd period - Eric Lindros is hit by Daniel Sedin.
0:06 of 2nd period - Minor Penalty to Vitaly Vishnevsky for Tripping.
0:07 of 2nd period - Daniel Briere wins face-off versus Henrik Sedin in Sharks zone.
0:08 of 2nd period - Snap shot by Eric Lindros.
0:08 of 2nd period - Shot Blocked by Joni Pitkanen.
0:10 of 2nd period - Wrist shot by Wojtek Wolski.
0:10 of 2nd period - Shot Misses the Net.
0:12 of 2nd period - Snap shot by Wojtek Wolski.
0:12 of 2nd period - Stopped by Pascal Leclaire without a rebound.
0:13 of 2nd period - Henrik Sedin wins face-off versus Eric Lindros in Sharks zone.
0:13 of 2nd period - Henrik Sedin is hit by Eric Lindros.
0:24 of 2nd period - Icing by Zdeno Chara.
0:25 of 2nd period - Henrik Sedin wins face-off versus Eric Lindros in Bruins zone.
0:26 of 2nd period - Snap shot by Daniel Sedin.
0:26 of 2nd period - Shot Blocked by Zdeno Chara.
1:27 of 2nd period - Snap shot by Daniel Briere.
1:27 of 2nd period - Shot Hit the Post.
1:29 of 2nd period - Wrist shot by Zdeno Chara.
1:29 of 2nd period - Stopped by Pascal Leclaire with a rebound.
1:31 of 2nd period - Snap shot by Wojtek Wolski.
1:31 of 2nd period - Shot Blocked by Daniel Sedin.
1:33 of 2nd period - Backhand shot by Eric Lindros.
1:33 of 2nd period - Shot Misses the Net.
1:35 of 2nd period - Slapshot by Joe Corvo.
1:35 of 2nd period - Stopped by Pascal Leclaire with a rebound.
1:37 of 2nd period - Snap shot by Zdeno Chara.
1:37 of 2nd period - Shot Blocked by Daniel Sedin.
1:39 of 2nd period - Slapshot by Zdeno Chara.
1:39 of 2nd period - Deflect By Eric Lindros.
1:39 of 2nd period - Stopped by Pascal Leclaire without a rebound.
1:40 of 2nd period - Jeff Carter wins face-off versus Georges Laraque in Sharks zone.
2:06 of 2nd period - Penalty to Vitaly Vishnevsky is over, Vitaly Vishnevsky is back on ice.
2:06 of 2nd period - Icing by Jeff Carter.
2:07 of 2nd period - Jeff Carter wins face-off versus Mike Fisher in Bruins zone.
2:22 of 2nd period - Snap shot by Mikko Koivu.
2:22 of 2nd period - Shot Misses the Net.
2:24 of 2nd period - Slapshot by Joni Pitkanen.
2:24 of 2nd period - Stopped by Evgeni Nabokov with a rebound.
2:26 of 2nd period - Snap shot by Milan Hejduk.
2:26 of 2nd period - Deflect By Mikko Koivu.
2:26 of 2nd period - Stopped by Evgeni Nabokov with a rebound.
2:28 of 2nd period - Slapshot by Vitaly Vishnevsky.
2:28 of 2nd period - Shot Blocked by Christoph Schubert.
2:30 of 2nd period - Snap shot by Milan Hejduk.
2:30 of 2nd period - Stopped by Evgeni Nabokov with a rebound.
2:40 of 2nd period - Michael Ryder is hit by Mike Fisher and loses puck.
3:54 of 2nd period - Snap shot by Henrik Sedin.
3:54 of 2nd period - Stopped by Evgeni Nabokov with a rebound.
3:56 of 2nd period - Slapshot by Mike Komisarek.
3:56 of 2nd period - Stopped by Evgeni Nabokov with a rebound.
4:25 of 2nd period - Daniel Briere is hit by Georges Laraque and loses puck.
4:48 of 2nd period - Bobby Ryan is hit by Christoph Schubert and loses puck.
5:49 of 2nd period - Slapshot by Victor Oreskovich.
5:49 of 2nd period - Stopped by Pascal Leclaire without a rebound.
5:50 of 2nd period - Wayne Primeau wins face-off versus Adam Mair in Sharks zone.
6:54 of 2nd period - Minor Penalty to Bobby Ryan for Holding.
6:55 of 2nd period - Henrik Sedin wins face-off versus Daniel Briere in Sharks zone.
7:29 of 2nd period - Snap shot by Daniel Briere.
7:29 of 2nd period - Shot Misses the Net.
7:31 of 2nd period - Wrist shot by Wojtek Wolski.
7:31 of 2nd period - Shot Blocked by Vitaly Vishnevsky.
7:33 of 2nd period - Slapshot by Richard Lintner.
7:33 of 2nd period - Stopped by Pascal Leclaire without a rebound.
7:34 of 2nd period - Jeff Carter wins face-off versus Henrik Sedin in Sharks zone.
8:54 of 2nd period - Penalty to Bobby Ryan is over, Bobby Ryan is back on ice.
9:43 of 2nd period - Slapshot by Mike Komisarek.
9:43 of 2nd period - Deflect By Bobby Ryan.
9:43 of 2nd period - Shot Blocked by Richard Lintner.
9:43 of 2nd period - Puck is out of play.
9:44 of 2nd period - Mikko Koivu wins face-off versus Wayne Primeau in Bruins zone.
9:44 of 2nd period - Minor Penalty to Victor Oreskovich for Roughing.
9:45 of 2nd period - Matt Cooke wins face-off versus Henrik Sedin in Bruins zone.
9:56 of 2nd period - Wrist shot by Henrik Sedin.
9:56 of 2nd period - Goal by Henrik Sedin - Sharks : 3 - Bruins : 2.
9:57 of 2nd period - Wayne Primeau wins face-off versus Henrik Sedin in neutral zone.
9:59 of 2nd period - Off-side.
10:00 of 2nd period - Henrik Sedin wins face-off versus Wayne Primeau in neutral zone.
10:03 of 2nd period - Zdeno Chara is hit by Henrik Sedin and loses puck.
10:08 of 2nd period - Snap shot by Henrik Sedin.
10:08 of 2nd period - Stopped by Evgeni Nabokov without a rebound.
10:09 of 2nd period - Eric Lindros wins face-off versus Henrik Sedin in Bruins zone.
10:57 of 2nd period - Minor Penalty to Mike Fisher for Roughing.
10:58 of 2nd period - Eric Lindros wins face-off versus Henrik Sedin in Sharks zone.
11:23 of 2nd period - Daniel Sedin is hit by Zdeno Chara and loses puck.
12:18 of 2nd period - Joe Corvo is hit by Joni Pitkanen and loses puck.
12:37 of 2nd period - Ryan O'Byrne is hit by Adam Mair and loses puck.
12:57 of 2nd period - Penalty to Mike Fisher is over, Mike Fisher is back on ice.
13:35 of 2nd period - Wrist shot by Bates Battaglia.
13:35 of 2nd period - Deflect By Mike Fisher.
13:35 of 2nd period - Stopped by Evgeni Nabokov without a rebound.
13:36 of 2nd period - Matt Hendricks wins face-off versus Mikko Koivu in Bruins zone.
13:47 of 2nd period - Joe Corvo is hit by Ryan Malone and loses puck.
14:02 of 2nd period - Daniel Sedin is hit by Eric Lindros and loses puck.
14:07 of 2nd period - Snap shot by Eric Lindros.
14:07 of 2nd period - Shot Blocked by Henrik Sedin.
14:09 of 2nd period - Slapshot by Mark Fraser.
14:09 of 2nd period - Stopped by Pascal Leclaire without a rebound.
14:10 of 2nd period - Henrik Sedin wins face-off versus Jeff Carter in Sharks zone.
14:10 of 2nd period - Henrik Sedin is hit by Christoph Schubert.
15:45 of 2nd period - Wojtek Wolski is hit by Georges Laraque and loses puck.
16:04 of 2nd period - Ryan O'Byrne is hit by Tomas Fleischmann and loses puck.
16:15 of 2nd period - Snap shot by Henrik Sedin.
16:15 of 2nd period - Deflect By Adam Mair.
16:15 of 2nd period - Shot Misses the Net.
16:15 of 2nd period - Puck is out of play.
16:16 of 2nd period - Eric Lindros wins face-off versus Adam Mair in Bruins zone.
16:16 of 2nd period - Eric Lindros is hit by Mike Komisarek.
16:26 of 2nd period - Adam Mair is hit by Daniel Briere and loses puck.
16:43 of 2nd period - Zdeno Chara is hit by Andrei Markov and loses puck.
17:30 of 2nd period - Wrist shot by Eric Lindros.
17:30 of 2nd period - Stopped by Pascal Leclaire with a rebound.
17:32 of 2nd period - Snap shot by Scott Hartnell.
17:32 of 2nd period - Shot Misses the Net.
17:34 of 2nd period - Slapshot by Mark Fraser.
17:34 of 2nd period - Deflect By Eric Lindros.
17:34 of 2nd period - Shot Blocked by Dan Girardi.
17:34 of 2nd period - Puck is out of play.
17:35 of 2nd period - Jeff Carter wins face-off versus Mikko Koivu in Sharks zone.
17:45 of 2nd period - Icing by Brad Ference.
17:46 of 2nd period - Eric Lindros wins face-off versus Mikko Koivu in Sharks zone.
17:49 of 2nd period - Wrist shot by Eric Lindros.
17:49 of 2nd period - Stopped by Pascal Leclaire without a rebound.
17:50 of 2nd period - Eric Lindros wins face-off versus Henrik Sedin in Sharks zone.
17:59 of 2nd period - Slapshot by Eric Lindros.
17:59 of 2nd period - Shot Misses the Net.
18:01 of 2nd period - Snap shot by Scott Hartnell.
18:01 of 2nd period - Shot Misses the Net.
18:03 of 2nd period - Snap shot by Joe Corvo.
18:03 of 2nd period - Stopped by Pascal Leclaire with a rebound.
18:41 of 2nd period - Wrist shot by Vitali Yachmenev.
18:41 of 2nd period - Stopped by Pascal Leclaire without a rebound.
18:42 of 2nd period - Eric Lindros wins face-off versus Mike Fisher in Sharks zone.
18:57 of 2nd period - Slapshot by Eric Lindros.
18:57 of 2nd period - Shot Misses the Net.
19:09 of 2nd period - Mark Fraser is hit by Henrik Sedin and loses puck.
19:22 of 2nd period - Wayne Primeau is hit by Mike Komisarek and loses puck.
19:35 of 2nd period - Georges Laraque is hit by Joe Corvo and loses puck.
19:48 of 2nd period - Andrei Markov is hit by Christoph Schubert and loses puck.
19:54 of 2nd period - Icing by Mike Komisarek.
19:55 of 2nd period - Eric Lindros wins face-off versus Daniel Sedin in Sharks zone.
3rd period
0:01 of 3rd period - Henrik Sedin wins face-off versus Eric Lindros in neutral zone.
0:16 of 3rd period - Wrist shot by Daniel Sedin.
0:16 of 3rd period - Shot Blocked by Joe Corvo.
0:26 of 3rd period - Ryan Malone is hit by Vitali Yachmenev and loses puck.
0:35 of 3rd period - Snap shot by Mikko Koivu.
0:35 of 3rd period - Stopped by Evgeni Nabokov without a rebound.
0:36 of 3rd period - Henrik Sedin wins face-off versus Eric Lindros in Bruins zone.
0:51 of 3rd period - Snap shot by Daniel Briere.
0:51 of 3rd period - Stopped by Pascal Leclaire with a rebound.
1:05 of 3rd period - Wojtek Wolski is hit by Ryan Malone and loses puck.
1:11 of 3rd period - Minor Penalty to Jeff Carter for Tripping.
1:12 of 3rd period - Henrik Sedin wins face-off versus Eric Lindros in Bruins zone.
1:13 of 3rd period - Wrist shot by Georges Laraque.
1:13 of 3rd period - Goal by Georges Laraque - Sharks : 4 - Bruins : 2.
1:14 of 3rd period - Eric Lindros wins face-off versus Daniel Sedin in neutral zone.
1:17 of 3rd period - Vitaly Vishnevsky is hit by Daniel Briere and loses puck.
1:19 of 3rd period - Minor Penalty to Georges Laraque for Hooking.
1:20 of 3rd period - Henrik Sedin wins face-off versus Eric Lindros in Sharks zone.
1:47 of 3rd period - Henrik Sedin is hit by Vitali Yachmenev and loses puck.
1:56 of 3rd period - Snap shot by Vitali Yachmenev.
1:56 of 3rd period - Stopped by Pascal Leclaire without a rebound.
1:57 of 3rd period - Adam Mair wins face-off versus Eric Lindros in Sharks zone.
2:09 of 3rd period - Icing by Richard Lintner.
2:10 of 3rd period - Eric Lindros wins face-off versus Adam Mair in Bruins zone.
2:37 of 3rd period - Vitali Yachmenev is hit by Joni Pitkanen and loses puck.
2:47 of 3rd period - Minor Penalty to Scott Hartnell for Roughing.
2:47 of 3rd period - Minor Penalty to Vitaly Vishnevsky for Holding Stick.
2:48 of 3rd period - Henrik Sedin wins face-off versus Eric Lindros in neutral zone.
3:19 of 3rd period - Penalty to Georges Laraque is over, Georges Laraque is back on ice.
4:28 of 3rd period - Slapshot by Zdeno Chara.
4:28 of 3rd period - Stopped by Pascal Leclaire with a rebound.
4:47 of 3rd period - Penalty to Scott Hartnell is over, Scott Hartnell is back on ice.
4:47 of 3rd period - Penalty to Vitaly Vishnevsky is over, Vitaly Vishnevsky is back on ice.
5:18 of 3rd period - Vitaly Vishnevsky is hit by Michael Ryder and loses puck.
5:25 of 3rd period - Snap shot by Michael Ryder.
5:25 of 3rd period - Stopped by Pascal Leclaire with a rebound.
5:35 of 3rd period - Snap shot by Michael Ryder.
5:35 of 3rd period - Stopped by Pascal Leclaire without a rebound.
5:36 of 3rd period - Jeff Carter wins face-off versus Mikko Koivu in Sharks zone.
5:36 of 3rd period - Minor Penalty to Milan Hejduk for Hooking.
5:37 of 3rd period - Daniel Sedin wins face-off versus Eric Lindros in Sharks zone.
5:37 of 3rd period - Daniel Sedin is hit by Daniel Briere.
6:19 of 3rd period - Wrist shot by Eric Lindros.
6:19 of 3rd period - Goal by Eric Lindros - Sharks : 4 - Bruins : 3.
6:20 of 3rd period - Henrik Sedin wins face-off versus Victor Oreskovich in neutral zone.
6:23 of 3rd period - Christoph Schubert is hit by Vitaly Vishnevsky and loses puck.
6:32 of 3rd period - Slapshot by Ryan O'Byrne.
6:32 of 3rd period - Stopped by Pascal Leclaire with a rebound.
6:34 of 3rd period - Slapshot by Christoph Schubert.
6:34 of 3rd period - Deflect By Scottie Upshall.
6:34 of 3rd period - Stopped by Pascal Leclaire with a rebound.
6:46 of 3rd period - Vitali Yachmenev is hit by Ryan Malone and loses puck.
7:55 of 3rd period - Minor Penalty to Joe Corvo for Roughing.
7:56 of 3rd period - Henrik Sedin wins face-off versus Eric Lindros in Bruins zone.
7:57 of 3rd period - Slapshot by Daniel Sedin.
7:57 of 3rd period - Goal by Daniel Sedin - Sharks : 5 - Bruins : 3.
7:57 of 3rd period - Scott Clemmensen enters game.
7:58 of 3rd period - Henrik Sedin wins face-off versus Eric Lindros in neutral zone.
8:01 of 3rd period - Snap shot by Joni Pitkanen.
8:01 of 3rd period - Stopped by Scott Clemmensen without a rebound.
8:02 of 3rd period - Henrik Sedin wins face-off versus Eric Lindros in Bruins zone.
8:37 of 3rd period - Slapshot by Wojtek Wolski.
8:37 of 3rd period - Shot Blocked by Joni Pitkanen.
8:51 of 3rd period - Wrist shot by Scottie Upshall.
8:51 of 3rd period - Stopped by Pascal Leclaire without a rebound.
8:52 of 3rd period - Mike Fisher wins face-off versus Eric Lindros in Sharks zone.
8:52 of 3rd period - Mike Fisher is hit by Richard Lintner.
8:59 of 3rd period - Off-side.
9:00 of 3rd period - Eric Lindros wins face-off versus Henrik Sedin in neutral zone.
9:06 of 3rd period - Minor Penalty to Mark Fraser for Hooking.
9:07 of 3rd period - Henrik Sedin wins face-off versus Eric Lindros in Bruins zone.
9:19 of 3rd period - Icing by Georges Laraque.
9:20 of 3rd period - Henrik Sedin wins face-off versus Eric Lindros in Sharks zone.
9:31 of 3rd period - Vitaly Vishnevsky is hit by Zdeno Chara and loses puck.
9:32 of 3rd period - Vitaly Vishnevsky from Sharks is injured at 9:32 of 3rd period (Torn Right Knee Ligaments).
9:33 of 3rd period - Henrik Sedin wins face-off versus Eric Lindros in Sharks zone.
9:45 of 3rd period - Wrist shot by Henrik Sedin.
9:45 of 3rd period - Deflect By Daniel Sedin.
9:45 of 3rd period - Deflect By Zdeno Chara.
9:45 of 3rd period - Shot Misses the Net.
9:45 of 3rd period - Puck is out of play.
9:46 of 3rd period - Eric Lindros wins face-off versus Daniel Sedin in Bruins zone.
9:46 of 3rd period - Eric Lindros is hit by Georges Laraque.
10:49 of 3rd period - Eric Lindros is hit by Milan Hejduk and loses puck.
11:06 of 3rd period - Penalty to Mark Fraser is over, Mark Fraser is back on ice.
11:18 of 3rd period - Snap shot by Tomas Fleischmann.
11:18 of 3rd period - Shot Misses the Net.
11:20 of 3rd period - Slapshot by Mike Fisher.
11:20 of 3rd period - Stopped by Scott Clemmensen without a rebound.
11:21 of 3rd period - Mike Fisher wins face-off versus Jeff Carter in Bruins zone.
11:52 of 3rd period - Wrist shot by Daniel Sedin.
11:52 of 3rd period - Deflect By Henrik Sedin.
11:52 of 3rd period - Shot Misses the Net.
11:52 of 3rd period - Puck is out of play.
11:53 of 3rd period - Eric Lindros wins face-off versus Mikko Koivu in Bruins zone.
12:23 of 3rd period - Henrik Sedin is hit by Scottie Upshall.
12:31 of 3rd period - Christoph Schubert is hit by Henrik Sedin and loses puck.
12:46 of 3rd period - Wrist shot by Mike Fisher.
12:46 of 3rd period - Shot Blocked by Wojtek Wolski.
12:48 of 3rd period - Wrist shot by Bobby Ryan.
12:48 of 3rd period - Stopped by Scott Clemmensen without a rebound.
12:49 of 3rd period - Eric Lindros wins face-off versus Henrik Sedin in Bruins zone.
12:49 of 3rd period - Eric Lindros is hit by Georges Laraque.
13:00 of 3rd period - Minor Penalty to Eric Lindros for Delaying the game.
13:01 of 3rd period - Henrik Sedin wins face-off versus Matt Cooke in Bruins zone.
13:06 of 3rd period - Slapshot by Georges Laraque.
13:06 of 3rd period - Deflect By Daniel Sedin.
13:06 of 3rd period - Shot Misses the Net.
13:06 of 3rd period - Puck is out of play.
13:07 of 3rd period - Matt Cooke wins face-off versus Henrik Sedin in Bruins zone.
15:00 of 3rd period - Penalty to Eric Lindros is over, Eric Lindros is back on ice.
15:20 of 3rd period - Brad Ference is hit by Jeff Carter and loses puck.
16:11 of 3rd period - Mikko Koivu is hit by Wayne Primeau and loses puck.
16:50 of 3rd period - Snap shot by Ryan O'Byrne.
16:50 of 3rd period - Deflect By Matt Cooke.
16:50 of 3rd period - Stopped by Pascal Leclaire with a rebound.
16:59 of 3rd period - Icing by Christoph Schubert.
17:00 of 3rd period - Mikko Koivu wins face-off versus Matt Hendricks in Bruins zone.
17:22 of 3rd period - Snap shot by Scottie Upshall.
17:22 of 3rd period - Shot Misses the Net.
17:24 of 3rd period - Slapshot by Zdeno Chara.
17:24 of 3rd period - Deflect By Scottie Upshall.
17:24 of 3rd period - Stopped by Pascal Leclaire with a rebound.
17:26 of 3rd period - Wrist shot by Wayne Primeau.
17:26 of 3rd period - Shot Misses the Net.
18:15 of 3rd period - Snap shot by Daniel Briere.
18:15 of 3rd period - Shot Misses the Net.
18:17 of 3rd period - Slapshot by Zdeno Chara.
18:17 of 3rd period - Shot Blocked by David Hale.
18:19 of 3rd period - Snap shot by Eric Lindros.
18:19 of 3rd period - Stopped by Pascal Leclaire without a rebound.
18:20 of 3rd period - Adam Mair wins face-off versus Eric Lindros in Sharks zone.
18:54 of 3rd period - Scottie Upshall is hit by Andrei Markov and loses puck.
19:27 of 3rd period - Joni Pitkanen is hit by Victor Oreskovich.
19:53 of 3rd period - Icing by Mike Komisarek.
19:54 of 3rd period - Henrik Sedin wins face-off versus Jeff Carter in Sharks zone.
Output by the SimonT Hockey Simulator (STHS) for François Prévost -- Original Page W3C XHTML 1.0 Valid